 Dungeon Crawl Stone Soup version 0.24-a0-439-g6dd8730 (webtiles) character file.

Game seed: 6864785473575491466

242 silenth the Cudgeler (level 6, -8/49 HPs)
             Began as a Human Fighter on June 18, 2019.
             Mangled by a gnoll
             ... wielding a +0 halberd
              (15 damage)
             ... on level 3 of the Dungeon.
             The game lasted 00:03:36 (2964 turns).

silenth the Cudgeler (Human Fighter)                Turns: 2964, Time: 00:03:36

Health: -8/49      AC:  9    Str: 17    XL:     6   Next: 30%
Magic:  6/6        EV:  7    Int:  8    God:
Gold:   121        SH:  9    Dex: 14    Spells: 5/5 levels left

rFire    . . .     SeeInvis .   a - +0 flail
rCold    . . .     Gourm    .   c - +0 shield
rNeg     . . .     Faith    .   b - +0 scale mail
rPois    .         Spirit   .   d - +0 helmet
rElec    .         Reflect  .   k - +0 cloak
rCorr    .         Harm     .   (no gloves)
MR       .....                  (no boots)
Stlth    ..........             (no amulet)
HPRegen  0.16/turn              (no ring)
MPRegen  0.10/turn              (no ring)

@: berserk cooldown, slowed, very slow
A: no striking features
a: no special abilities


You were on level 3 of the Dungeon.
You were hungry.

You visited 1 branch of the dungeon, and saw 3 of its levels.

You collected 121 gold pieces.

Inventory:

Hand Weapons
 a - a +0 flail (weapon)
Armour
 b - a +0 scale mail (worn)
 c - a +0 shield (worn)
 d - a +0 helmet (worn)
 k - a +0 cloak (worn)
Scrolls
 f - 2 scrolls of identify {unknown}
 h - 4 scrolls of remove curse {unknown}
 j - a scroll of immolation {unknown}
 l - a scroll of enchant armour {unknown}
Potions
 g - a potion of berserk rage
 o - a potion of cancellation {unknown}
Comestibles
 e - 4 rations


   Skills:
 + Level 4.4 Fighting
 * Level 5.2 Maces & Flails
 - Level 3.0 Armour
 - Level 3.0 Shields


You had 5 spell levels left.
You didn't know any spells.
Your spell library was empty.

Dungeon Overview and Level Annotations

Branches:
Dungeon (3/15)

Altars:
Vehumet


Message History

You block the bat's attack.
You feel your anger nearly subside.
You are no longer berserk.
You are exhausted.
You feel yourself slow down. The bat hits you but does no damage.
You feel better. The bat hits you but does no damage.
You block the bat's attack.
The gnoll hits you from afar with a +0 halberd.
* * * LOW HITPOINT WARNING * * *
The gnoll hits you from afar with a +0 halberd.
* * * LOW HITPOINT WARNING * * *
The kobold throws a stone.
You block the stone.
You see here a stone.
The gnoll closely misses you.
You block the bat's attack. x2; The bat barely misses you.
As you read the scroll labeled VEK FEIMUMN, it crumbles to dust.
It is a scroll of amnesia.
You feel forgetful for a moment. You block the bat's attack.
The bat hits you but does no damage.
The gnoll hits you from afar with a +0 halberd!
You die...

####..........## ##
#############.# ..#
#.# ..# #.# ..# #.#
..# ###.###### ..#
##.#......##### ..#
###.#............
..######.....[..@..###
............#####b.#
########.#### #gK# #
#.# #..# # #.#
#####..# # #.#
#......# # #.#
#.###.## # #.# #.# #.#
# # #.# #.# #.# .#


You could see a gnoll, a bat and a kobold.

Vanquished Creatures
  An ogre (D:2)
  Terence (D:2)
  Robin (D:3)
  5 adders
  An adder zombie (D:2)
  2 worms (D:2)
  2 dart slugs (D:1)
  2 leopard geckos (D:1)
  2 ball pythons
  4 giant cockroaches
  16 goblins
  4 hobgoblins
  4 jackals (D:1)
  7 bats
  6 frilled lizards
  4 kobolds
  7 rats
69 creatures vanquished.

Notes
Turn   | Place    | Note
-------+----------+-------------------------------------------
     0 | D:1      | silenth the Human Fighter began the quest for the Orb.
     0 | D:1      | Reached XP level 1. HP: 18/18 MP: 1/1
   140 | D:1      | Reached XP level 2. HP: 24/24 MP: 2/2
   402 | D:1      | Reached XP level 3. HP: 25/29 MP: 3/3
   439 | D:1      | Reached skill level 3 in Maces & Flails
  1016 | D:2      | HP: 2/29 [poisoned by an adder]
  1024 | D:2      | HP: 1/29 [poisoned by an adder]
  1723 | D:2      | Reached XP level 4. HP: 26/36 MP: 4/4
  2087 | D:2      | Found a radiant altar of Vehumet.
  2094 | D:2      | Noticed an ogre
  2104 | D:2      | Killed an ogre
  2104 | D:2      | Reached skill level 4 in Fighting
  2104 | D:2      | Reached skill level 4 in Maces & Flails
  2104 | D:2      | Reached XP level 5. HP: 15/42 MP: 5/5
  2297 | D:2      | Noticed Terence
  2478 | D:2      | Killed Terence
  2478 | D:2      | Reached XP level 6. HP: 41/48 MP: 6/6
  2559 | D:3      | Reached skill level 5 in Maces & Flails
  2638 | D:3      | Noticed Robin
  2672 | D:3      | Killed Robin
  2946 | D:3      | HP: 5/73 [gnoll/+0 halberd (8)]
  2964 | D:3      | Mangled by a gnoll

Levels and vault maps discovered:
D:1:      shiori_arrival_elements, layout_rooms, minmay_misc_feat_tiny,
          lemuel_another_geyser
D:2:      layout_rooms, lemuel_crystal_altar, uniq_terence
D:3:      layout_loops_ring, uniq_robin

Skill      XL: |  1  2  3  4  5  6 |
---------------+-------------------+-----
Maces & Flails | 3 4 5 |  5.2
Fighting       | 4 |  4.4
Armour         | |  3.0
Shields        | |  3.0

Action                   |  1- 3 |  4- 6 || total
-------------------------+-------+-------++-------
Melee: Flail             |   148 |   153 ||   301
  Use: Potion            |     1 |     3 ||     4
       Scroll            |       |     1 ||     1
  Eat: Ration            |     1 |       ||     1
       Chunk             |       |     3 ||     3
Armor: Scale mail        |    98 |    75 ||   173
Dodge: Dodged            |    67 |    59 ||   126
Block: Shield            |   102 |    83 ||   185

Table legend:
 A = Non-vault XP
 B = Vault XP
 C = Vault XP percentage of total XP
 D = Non-vault monster count
 E = Vault monster count
 F = Vault count percentage of total count
                 A         B        C        D         E       F
            +---------+---------+-------+---------+---------+-------
      Total |     280 |      66 |  19.1 |      59 |      10 |  14.5
            +---------+---------+-------+---------+---------+-------
        D:1 |      46 |       0 |   0.0 |      26 |       0 |   0.0
        D:2 |     199 |      36 |  15.3 |      25 |       1 |   3.8
        D:3 |      35 |      30 |  46.2 |       8 |       9 |  52.9
            +---------+---------+-------+---------+---------+-------
